 Dungeon Crawl Stone Soup version 0.27.1-35-g4d5d836560 (webtiles) character file.

Game seed: 12999690183967477225

10150 Delamore the Cleaver (level 11, -32/103 HPs)
             Began as an Octopode Brigand on Apr 29, 2022.
             Was an Initiate of Gozag.
             Killed from afar by a fire dragon (35 damage)
             ... with a blast of flame
             ... on level 10 of the Dungeon.
             The game lasted 00:19:47 (12162 turns).

Delamore the Cleaver (Octopode Brigand)            Turns: 12162, Time: 00:19:47

Health: -32/103    AC:  2    Str: 10    XL:     11   Next: 57%
Magic:  1/11       EV: 16    Int: 21    God:    Gozag
Gold:   236        SH:  6    Dex: 19    Spells: 10/10 levels left

rFire    . . .     SeeInvis +   t - +8 war axe "Cietoam" {vorpal, Int+6 Dex+3}
rCold    . . .     Faith    .   B - +0 buckler
rNeg     . . .     Spirit   .   r - +1 hat {SInv}
rPois    .         Reflect  .   C - amulet of regeneration
rElec    .         Harm     .   (no ring)
rCorr    .         Rampage  .   (no ring)
Will     .....                  (no ring)
Stlth    ..........             (no ring)
HPRegen  1.27/turn              (no ring)
MPRegen  0.12/turn              (no ring)
                                (no ring)
                                (no ring)

@: berserking (expiring), gold aura, very quick
A: almost no armour, amphibious, 8 rings, camouflage 1, gelatinous body 1,
nimble swimmer 1, tentacles
a: Renounce Religion, Potion Petition, Call Merchant, Bribe Branch


You were on level 10 of the Dungeon.
You worshipped Gozag.
Gozag was aware of your devotion.
You visited 2 branches of the dungeon, and saw 11 of its levels.
You also visited: Sewer.

You collected 1683 gold pieces.
You spent 110 gold pieces at shops.
You paid 1337 gold pieces to Gozag.

Inventory:

Hand Weapons
 a - a +2 dagger
 t - the +8 war axe "Cietoam" (weapon) {vorpal, Int+6 Dex+3}
   (You found it on level 5 of the Dungeon)

   It inflicts extra damage upon your enemies.
   Int:       It affects your intelligence (+6).
   Dex:       It affects your dexterity (+3).
Missiles
 b - 36 poisoned darts (quivered)
 o - a throwing net
 y - a curare-tipped dart
Armour
 d - a +1 hat of intelligence
 m - a +0 kite shield
 r - a +1 hat of see invisible (worn)
 B - a +0 buckler (worn)
Jewellery
 C - an amulet of regeneration (around mantle)
 E - a ring of fire
 I - a ring of fire
Wands
 g - a wand of iceblast (2)
 F - a wand of polymorph (6)
 H - a wand of paralysis (5)
Scrolls
 c - a scroll of brand weapon {unknown}
 e - a scroll of magic mapping
 h - 2 scrolls of fear
 i - a scroll of enchant armour
 j - a scroll of noise
 k - 3 scrolls of teleportation
 l - 2 scrolls of immolation
 n - 6 scrolls of amnesia
 v - a scroll of vulnerability
 x - 2 scrolls of fog
Potions
 f - 2 potions of curing
 p - a potion of attraction
 q - 2 potions of might
 u - 2 potions of degeneration {unknown}
 w - a potion of invisibility {unknown}
 z - a potion of lignification {unknown}
 A - a potion of resistance {unknown}
 D - a potion of magic
 G - a potion of flight {unknown}


   Skills:
 - Level 4.0 Fighting
 - Level 5.2 Short Blades
 + Level 13.7 Axes
 - Level 4.0 Throwing
 - Level 5.0 Dodging
 + Level 6.6 Stealth
 - Level 4.0 Shields
 + Level 4.2 Evocations


You had 10 spell levels left.
You didn't know any spells.
Your spell library was empty.

Dungeon Overview and Level Annotations

Branches:
Dungeon (10/15)            Temple (1/1) D:4            Lair (0/6) D:10
  Sewer (visited)
    Orc: D:9-12

Altars:
Ashenzari
Cheibriados
Elyvilon
Gozag
Hepliaklqana
Kikubaaqudgha
Makhleb
Nemelex Xobeh
Okawaru
Qazlal
Ru
Sif Muna
Trog
Uskayaw
Vehumet
Xom
Yredelemnul
Zin
The Shining One

Shops:
D:8 ?   D:9 =

Annotations:
D:4 3 runed translucent doors, Delamore's ghost, novice OpBr
D:8 2 transporters, Tzialkovskiy's ghost, novice TrBr


Innate Abilities, Weirdness & Mutations

You cannot wear most types of armour.
You are amphibious.
You can wear up to eight rings at the same time.
Your skin changes colour to match your surroundings (Stealth+).
Your rubbery body absorbs attacks. (AC +1, EV +1)
You are camouflaged near water. (Stealth+)
You have tentacles for arms and can constrict up to eight enemies at once.


Message History

A red film seems to cover your vision as you go berserk!
You feel yourself moving faster!
You feel mighty!
You are engulfed in a cloud of scalding steam.
You feel a strong urge to attack something.
You are engulfed in a cloud of scalding steam.
* * * LOW HITPOINT WARNING * * *
The fire dragon bites you but does no damage.
The fire dragon misses you. x2
The orc wizard points at you and mumbles some strange words.
The magic dart hits you!
* * * LOW HITPOINT WARNING * * *
You hit the fire dragon.
The fire dragon is lightly wounded.
You block the fire dragon's attack. The fire dragon misses you.
The fire dragon tramples you!
* * * LOW HITPOINT WARNING * * *
You stumble backwards!
Floosh!
You slash the fire dragon!
The fire dragon is moderately wounded.
You are engulfed in a cloud of scalding steam.
* * * LOW HITPOINT WARNING * * *
You hit the fire dragon. Your squeeze misses the fire dragon.
The fire dragon is moderately wounded.
You are engulfed in a cloud of scalding steam.
* * * LOW HITPOINT WARNING * * *
You block the fire dragon's attack. The fire dragon completely misses you.
The fire dragon closely misses you.
You slash the fire dragon!
The fire dragon is heavily wounded.
You are engulfed in a cloud of scalding steam.
* * * LOW HITPOINT WARNING * * *
You slash the fire dragon!
The fire dragon is heavily wounded.
You are engulfed in a cloud of scalding steam.
* * * LOW HITPOINT WARNING * * *
The fire dragon breathes flames at you. The blast of flame hits you!!
You die...
Your body crumbles into a pile of gold.

#.≈8≈ ≈≈≈≈≈ #.≈≈.'######
##### #.≈≈o ......
##.≈≈##...... #).... ..o..o
#..≈≈##o.oooo
###..≈≈.#....oo
+...$≈≈$o##################
###..≈8≈≈≈@≈≈≈≈≈≈≈≈≈≈≈≈≈≈≈≈
#.$8≈≈≈§D≈≈≈≈≈≈≈≈≈≈≈≈≈≈≈≈
#........................
#####.§.###############..
.......# #.. ..≈≈.......
######'# §≈.≈≈≈≈.§#.#
#....... §§≈§.≈≈≈..+#
#....... ≈§§>.≈....
+.......


You could see a fire dragon (catching breath) and an orc wizard.

Vanquished Creatures
  Fannar (D:10)
  A two-headed ogre (D:9)
  2 centaur zombies (D:10)
  Maurice (D:9)
  A gargoyle (D:9)
  Maggie (D:9)
  Prince Ribbit (D:9)
  A shadow (D:9)
  A wyvern (D:9)
  9 yaks
  2 steam dragons (D:8)
  Grum (D:9)
  Menkaure (D:7)
  2 water moccasins
  An ice beast (D:8)
  A black bear (D:7)
  8 orc warriors
  An ogre (D:3)
  A necrophage (D:4)
  2 sky beasts
  A phantom (D:7)
  3 centaurs
  3 wolves (D:9)
  5 bullfrogs
  2 water moccasin zombies
  3 killer bees (D:9)
  8 wights (D:8)
  6 howler monkeys
  A centaur skeleton (D:7)
  A hound (D:5)
  A jelly (D:7)
  Crazy Yiuf (D:5)
  3 orc priests
  A gnoll shaman (D:7)
  5 orc wizards
  5 iguanas
  5 gnolls (D:7)
  2 howler monkey zombies
  8 adders
  A river rat (D:6)
  2 shadow imps (D:7)
  A white imp (D:6)
  3 ufetubi
  An adder skeleton (D:5)
  2 dart slugs (D:3)
  31 orcs
  5 bats
  20 endoplasms
  18 giant cockroaches
  9 hobgoblins
  7 jackals
  8 quokkas
  17 ball pythons
  14 frilled lizards
  7 goblins
  7 rats
256 creatures vanquished.

Vanquished Creatures (collateral kills)
  Gastronok (D:9)
1 creature vanquished.

Grand Total: 257 creatures vanquished

Notes
Turn   | Place    | Note
-------+----------+-------------------------------------------
     0 | D:1      | Delamore the Octopode Brigand began the quest for the Orb.
     0 | D:1      | Reached XP level 1. HP: 14/14 MP: 1/1
   277 | D:1      | Reached XP level 2. HP: 19/19 MP: 2/2
   820 | D:2      | Reached XP level 3. HP: 14/24 MP: 3/3
  1471 | D:2      | Reached XP level 4. HP: 28/29 MP: 4/4
  2134 | D:3      | Noticed an ogre
  2561 | D:3      | Killed an ogre
  2562 | D:3      | Reached XP level 5. HP: 36/36 MP: 5/5
  3033 | D:3      | Identified a scroll of acquirement
  3034 | D:3      | Acquired a +1 hat of intelligence
  3132 | D:4      | Found a staircase to the Ecumenical Temple.
  3269 | Temple   | Entered the Ecumenical Temple
  3373 | Temple   | Became a worshipper of Gozag Ym Sagoz the Greedy
  3519 | D:4      | Noticed a necrophage
  3534 | D:4      | Killed a necrophage
  3535 | D:4      | Reached skill level 5 in Short Blades
  3535 | D:4      | Reached XP level 6. HP: 16/42 MP: 6/6
  3785 | D:4      | Found a runed translucent gate.
  3785 | D:4      | Found a runed translucent gate.
  3810 | D:4      | Found a runed translucent gate.
  3812 | D:4      | Noticed Delamore's ghost (novice OpBr)
  3812 | D:4      | Noticed an ice beast
  4116 | D:5      | Entered Level 5 of the Dungeon
  4139 | D:5      | Identified the +8 war axe "Cietoam" {vorpal, Int+6 Dex+3}
  4286 | D:5      | Noticed a sky beast
  4309 | D:5      | Killed a sky beast
  4310 | D:5      | Reached skill level 1 in Axes
  4310 | D:5      | Reached XP level 7. HP: 21/47 MP: 7/7
  4749 | D:5      | Found a shimmering altar of Xom.
  4980 | D:5      | Found a runed translucent door.
  4981 | D:5      | Noticed Crazy Yiuf
  5108 | D:5      | Reached skill level 2 in Axes
  5591 | D:5      | Killed Crazy Yiuf
  5979 | D:6      | Found a glowing drain.
  5983 | Sewer    | Entered a sewer
  6104 | Sewer    | Reached skill level 3 in Axes
  6418 | Sewer    | Reached skill level 4 in Axes
  6551 | Sewer    | Reached XP level 8. HP: 47/54 MP: 8/8
  6876 | D:6      | Reached skill level 5 in Axes
  7290 | D:6      | Reached skill level 6 in Axes
  7412 | D:6      | Reached skill level 7 in Axes
  8286 | D:7      | Reached skill level 8 in Axes
  8360 | D:7      | Noticed Menkaure
  8365 | D:7      | Reached skill level 1 in Shields
  8365 | D:7      | Reached XP level 9. HP: 58/58 MP: 9/9
  8366 | D:7      | Killed Menkaure
  9312 | D:7      | Reached skill level 9 in Axes
  9754 | D:8      | Reached skill level 10 in Axes
  9832 | D:8      | Found Vanlae's Magic Scroll Shop.
  9947 | D:8      | Found a transporter.
  9947 | D:8      | Noticed a two-headed ogre
  9947 | D:8      | Noticed Tzialkovskiy's ghost (novice TrBr)
  9953 | D:8      | Found a transporter.
 10048 | D:8      | Reached XP level 10. HP: 47/63 MP: 10/10
 10310 | D:8      | Bought a scroll of identify for 22 gold pieces
 10310 | D:8      | Bought a scroll of identify for 22 gold pieces
 10313 | D:8      | Bought 3 scrolls of identify for 66 gold pieces
 10483 | D:9      | Noticed Maurice
 10490 | D:9      | Reached skill level 11 in Axes
 10496 | D:9      | Killed Maurice
 10629 | D:9      | Noticed Prince Ribbit
 10638 | D:9      | Killed Prince Ribbit
 10679 | D:9      | Noticed Gastronok
 10686 | D:9      | Killed Gastronok
 10687 | D:9      | Reached skill level 12 in Axes
 10801 | D:9      | Noticed Grum
 10829 | D:9      | Killed Grum
 11116 | D:9      | Reached skill level 5 in Dodging
 11116 | D:9      | Reached XP level 11. HP: 65/69 MP: 11/11
 11151 | D:9      | Noticed a two-headed ogre
 11158 | D:9      | Killed a two-headed ogre
 11159 | D:9      | Reached skill level 13 in Axes
 11375 | D:9      | Noticed Maggie
 11386 | D:9      | Killed Maggie
 11775 | D:10     | Entered Level 10 of the Dungeon
 11895 | D:9      | Reached skill level 1 in Evocations
 12003 | D:10     | Noticed Fannar
 12012 | D:10     | Killed Fannar
 12101 | D:10     | Found a staircase to the Lair.
 12119 | D:10     | Noticed a fire dragon
 12161 | D:10     | HP: 5/103 [fire dragon] (5)]
 12162 | D:10     | HP: 2/103 [fire dragon] (4)]
 12162 | D:10     | Killed from afar by a fire dragon

Illustrated notes

Levels and vault maps discovered:
D:1:      dpeg_arrival_long_road, layout_basic, grunt_decor_clamped
D:2:      layout_basic, st_stairs_14
D:3:      layout_rooms, st_stairs_4
D:4:      layout_basic, temple_statues, gammafunk_ghost_split
D:5:      layout_basic, mainiacjoe_overflow_paths, uniq_crazy_yiuf_cottage
D:6:      layout_loops_cross, gup_sewer_entry_bowl
D:7:      layout_loops_ring, uniq_menkaure
D:8:      layout_cave_pools, serial_shops, shop, gammafunk_ghost_smash,
          chequers_serial_rivers_small_a, chequers_serial_rivers_small_a
D:9:      layout_loops_ring, uniq_prince_ribbit1, uniq_maurice, uniq_maggie,
          uniq_grum, uniq_gastronok
D:10:     layout_roguey, minmay_lair_entry_lava, erik_orc_2, uniq_fannar
Temple:   kilobyte_greek_temple

Skill      XL: |  1  2  3  4  5  6  7  8  9 10 11 |
---------------+----------------------------------+-----
Short Blades   | 3 4 5 |  5.2
Stealth        | 6 |  6.6
Fighting       | 3 4 |  4.0
Throwing       | 3 4 |  4.0
Axes           | 1 4 8 10 12 13 | 13.7
Shields        | 1 4 |  4.0
Dodging        | 5 |  5.0
Evocations     | 4 |  4.2

Action                   |  1- 3 |  4- 6 |  7- 9 | 10-12 || total
-------------------------+-------+-------+-------+-------++-------
Melee: Dagger            |    50 |   111 |   185 |       ||   346
       Constrict         |     7 |    19 |    46 |    21 ||    93
       Tentacles         |     9 |    25 |    54 |    38 ||   126
       War axe           |       |       |    92 |   153 ||   245
Throw: Dart              |       |    20 |    59 |    11 ||    90
       Throwing net      |       |     1 |       |       ||     1
Invok: Call Merchant     |       |       |       |     1 ||     1
       Potion Petition   |       |       |       |     2 ||     2
Evoke: Wand              |       |       |       |     9 ||     9
  Use: Scroll            |       |     5 |     6 |    11 ||    22
       Potion            |       |       |     1 |     1 ||     2
 Stab: Sleeping          |    11 |    13 |    46 |    11 ||    81
       Distracted        |       |       |     3 |     1 ||     4
       Paralysed         |       |       |       |     2 ||     2
Armor: Skin              |     6 |     8 |    27 |    10 ||    51
Dodge: Dodged            |    25 |    38 |   104 |    69 ||   236
Block: Buckler           |       |       |    17 |    44 ||    61
